 Dungeon Crawl Stone Soup version 0.30-b1-2-g02819fbbbe (webtiles) character file.

Game seed: 4603830498556640149

17930 BigAl69 the Thaumaturge (level 12, -3/73 HPs)
             Began as a Gargoyle Earth Elementalist on Oct 11, 2023.
             Was a High Priest of Vehumet.
             Killed from afar by an orc knight (18 damage)
             ... with a bolt of dispelling energy
             ... on level 10 of the Dungeon.
             The game lasted 00:27:45 (13567 turns).

BigAl69 the Thaumaturge (GrEE)                     Turns: 13567, Time: 00:27:45

Health: -3/73      AC: 22    Str: 14    XL:     12   Next: 53%
Magic:  2/29       EV: 11    Int: 27    God:    Vehumet [*****.]
Gold:   685        SH:  0    Dex: 13    Spells: 23/38 levels left

rFire   + . .        I - +4 long sword (freeze)
rCold   . . .        (no shield)
rNeg    + + .        B - +3 ring mail {rF+}
rPois   ∞            u - +0 helmet
rElec   +            A - +0 cloak
rCorr   .            V - +0 pair of gloves
SInv    .            o - +0 pair of boots
Will    .....        k - amulet of regeneration
Stlth   ++           Q - ring "Hutiagg" {rN+ Str+2 Dex+3}
HPRegen 1.12/turn    P - +6 ring of intelligence
MPRegen 0.21/turn

%: no passive effects
@: no status effects
A: sickness immunity, AC +8, negative energy resistance 1, electricity
resistance, torment resistance 1, petrification resistance
a: Renounce Religion


You were on level 10 of the Dungeon.
You worshipped Vehumet.
Vehumet was extremely pleased with you.
You visited 2 branches of the dungeon, and saw 12 of its levels.
You also visited: Sewer, Ossuary and Bailey.

You collected 969 gold pieces.
You spent 284 gold pieces at shops.

Inventory:

Hand Weapons
 I - a +4 long sword of freezing (weapon)
Missiles
 X - a throwing net
Armour
 o - a +0 pair of boots (worn)
 u - a +0 helmet (worn)
 A - a +0 cloak (worn)
 B - a +3 ring mail of fire resistance (worn)
 L - a +2 scale mail of cold resistance
 T - a +1 robe of willpower
 V - a +0 pair of gloves (worn)
Magical Staves
 Z - a staff of cold
Jewellery
 k - an amulet of regeneration (around neck)
 q - a ring of wizardry
 P - a +6 ring of intelligence (right hand)
 Q - the ring "Hutiagg" (left hand) {rN+ Str+2 Dex+3}
   (You found it on level 9 of the Dungeon)

   [ring of positive energy]

   Str:       It affects your strength (+2).
   Dex:       It affects your dexterity (+3).
   rN:        It protects you from negative energy.
Wands
 n - a wand of paralysis (16)
 t - a wand of quicksilver (14)
 N - a wand of digging (10)
 U - a wand of roots (4) (quivered)
Scrolls
 a - 2 scrolls of blinking
 d - 2 scrolls of poison
 e - a scroll of enchant weapon {unknown}
 f - 5 scrolls of teleportation
 g - 6 scrolls of fear
 i - 3 scrolls of acquirement {unknown}
 p - 2 scrolls of vulnerability {unknown}
 s - 3 scrolls of fog
 y - a scroll of immolation {unknown}
 C - 2 scrolls of amnesia
 D - 3 scrolls of enchant armour
 G - 4 scrolls of magic mapping {unknown}
 H - a scroll of silence
 M - a scroll of brand weapon
 S - a scroll of torment
 W - 2 scrolls of identify
Potions
 b - 4 potions of magic
 c - 3 potions of flight {unknown}
 h - 6 potions of might
 j - 3 potions of haste {unknown}
 l - 5 potions of curing {unknown}
 m - 7 potions of heal wounds {unknown}
 r - 5 potions of lignification
 v - 5 potions of attraction {unknown}
 w - 4 potions of resistance {unknown}
 x - 4 potions of ambrosia {unknown}
 z - 2 potions of mutation
 E - 4 potions of degeneration {unknown}
 F - 6 potions of invisibility
 J - 5 potions of brilliance {unknown}
 K - 4 potions of cancellation {unknown}
Miscellaneous
 R - a tin of tremorstones (inert)
 Y - a phial of floods (inert)


   Skills:
 * Level 7.6 Fighting
 - Level 0.5 Long Blades
 + Level 5.4 Armour
 + Level 3.0 Dodging
 + Level 3.2 Stealth
 * Level 13.5 Spellcasting
 - Level 5.1 Conjurations
 - Level 0.7 Transmutations
 - Level 10.9 Earth Magic
 * Level 3.2 Poison Magic


You had 23 spell levels left.
You knew the following spells:

 Your Spells              Type           Power      Damage    Failure   Level
a - Sandblast             Erth           100%       2d20      1%          1
b - Stone Arrow           Conj/Erth      100%       3d13      1%          3
c - Passwall              Tmut/Erth      40%        N/A       1%          2
d - Freezing Cloud        Conj/Ice/Air   13%        6-21      21%         5
e - Olgreb's Toxic Radia  Pois           35%        N/A       4%          4

Your spell library contained the following spells:

 Spells                   Type           Power      Damage    Failure   Level
 Frozen Ramparts          Ice            36%        1d6       4%          3
 Inner Flame              Hex/Fire       18%        N/A       4%          3
 Flame Wave               Conj/Fire      32%        2d9       5%          4
 Petrify                  Tmut/Erth      49%        N/A       5%          4
 Sticky Flame             Conj/Fire      32%        2d5       5%          4
 Ensorcelled Hibernation  Hex/Ice        36%        N/A       9%          2
 Lesser Beckoning         Tloc           36%        N/A       9%          2
 Gell's Gravitas          Tloc           18%        N/A       17%         3
 Swiftness                Air            18%        N/A       17%         3
 Teleport Other           Tloc           18%        N/A       17%         3
 Ice Form                 Ice/Tmut       20%        N/A       45%         4
 Dispel Undead            Necr           18%        3d11      50%         4
 Summon Ice Beast         Ice/Summ       18%        N/A       50%         4
 Death Channel            Necr           9%         N/A       100%        6
 Cigotuvi's Dreadful Rot  Necr/Pois/Air  Unusable   N/A       N/A         2

Dungeon Overview and Level Annotations

Branches:
Dungeon (11/15)            Temple (1/1) D:4            Lair (0/5) D:9
    Orc (0/2) D:11          Sewer (visited)         Ossuary (visited)
 Bailey (visited)

Altars:
Ashenzari
Cheibriados
Dithmenos
Elyvilon
Fedhas
Gozag
Hepliaklqana
Kikubaaqudgha
Makhleb
Nemelex Xobeh
Okawaru
Qazlal
Ru
Sif Muna
Trog
Uskayaw
Vehumet
Wu Jian
Xom
Yredelemnul
Zin
The Shining One

Shops:
D:8 [   D:9 *   D:10 ?


Innate Abilities, Weirdness & Mutations

You are immune to sickness and miasma.
Your stone body is resilient. (AC +8)
You are immune to poison.
You resist negative energy. (rN+)
You are resistant to electric shocks. (rElec)
You are resistant to unholy torment.
You are immune to petrification.


Message History

The orc knight is heavily wounded.
The orc knight hits you with a +0 long sword!
The orc knight zaps a wand.
The bolt of dispelling energy hits you!
You hit the orc knight but do no damage.
The orc knight is heavily wounded.
The orc knight zaps a wand.
The bolt of dispelling energy hits you.
You hit the orc knight but do no damage.
The orc knight is heavily wounded.
The orc knight zaps a wand.
The bolt of dispelling energy hits you.
The tremorstone explodes into fragments!
The orc knight closely misses you.
Non-targeted evoke: tin of tremorstones (1/2)
Press: ? - help, Q - select action, (/) - cycle Dir - look around, f - activate Look: an orc knight, wielding a +0 long sword, wearing a +0 plate armour, quivering stones and carrying a wand of quicksilver (3) (heavily wounded)
The tremorstone explodes into fragments!
The tin is emptied!
The orc knight hits you with a +0 long sword!!
Aim the phial where?
Press: ? - help, Q - select action, (/) - cycle Shift-Dir - straight line, f/p - orc knight
Aim: an orc knight, wielding a +0 long sword, wearing a +0 plate armour, quivering stones and carrying a wand of quicksilver (3) (heavily wounded)
The torrent of water misses the orc knight.
The wave splashes down.
The orc knight is engulfed in water.
The orc knight hits you but does no damage.
Aiming: Fastroot
Press: ? - help, Q - select action, (/) - cycle Shift-Dir - straight line, f/p - orc knight
Aim: an orc knight, wielding a +0 long sword, wearing a +0 plate armour, quivering stones and carrying a wand of quicksilver (3) (heavily wounded, waterlogged)
The roots erupt in riotous growth!
Roots grab the orc knight.
The grasping roots constrict the orc knight!
The orc knight zaps a wand.
The bolt of dispelling energy hits you!
* * * LOW HITPOINT WARNING * * *
Unknown command.
Aiming: Fastroot
Press: ? - help, Q - select action, (/) - cycle Shift-Dir - straight line, p - orc knight The roots erupt in riotous growth!
The orc knight is unaffected.
The grasping roots constrict the orc knight.
The orc knight zaps a wand.
The bolt of dispelling energy hits you!!
You die...

..# #.....##..# ..#
#8.....8#..##########
..############.....##............
............##8...8##............
.....#########.....##............
.....# #8~~~~.8#####...#####
.....#########~~~..##............
............##8o~.8##............
..########### ##@## #######......
..# ####### #.<####
..###########....##########..#
.............................#
##############################


You could see an orc knight (rooted, waterlogged).

Vanquished Creatures
  A rakshasa (D:11)
  An ogre mage (D:11)
  4 two-headed ogres
  A boulder beetle (D:11)
  An ugly thing (D:11)
  2 manticores (D:11)
  2 cyclopes (D:11)
  Joseph (D:7)
  3 gargoyles
  A komodo dragon (D:9)
  An efreet (D:11)
  Grinder (D:5)
  2 hornets
  A shadow (D:9)
  2 vampires
  24 yaks
  Eustachio (D:4)
  4 vampire mosquitoes
  Menkaure (D:5)
  An acid dragon (D:11)
  4 water moccasins
  Duvessa (D:7)
  3 black bears
  3 orc warriors
  2 ice beasts
  2 ogres
  2 centaurs
  A kobold brigand (D:9)
  5 bullfrogs
  2 scorpions
  An elf skeleton (D:7)
  12 wights
  Dowan (D:7)
  4 killer bees (D:11)
  4 electric eels (D:7)
  7 wolf zombies (Bailey)
  8 vampire bats (Bailey)
  3 howler monkeys
  4 orc priests
  2 human zombies (D:7)
  2 jellies (D:7)
  4 iguanas
  An iron imp (D:6)
  Ijyb (D:4)
  2 human skeletons (D:7)
  Jessica (D:2)
  A sleepcap (D:7)
  8 orc wizards
  8 mummies (Ossuary)
  Robin (D:3)
  6 adders
  A river rat (D:6)
  A shadow imp (D:6)
  2 white imps (D:7)
  An ufetubus (D:6)
  3 worms
  21 orcs
  3 ball pythons
  6 endoplasms
  3 giant cockroaches
  20 goblins
  10 hobgoblins
  6 jackals (D:3)
  4 quokkas
  3 bats
  2 frilled lizards
  2 gnoll zombies (Ossuary)
  4 goblin zombies (D:6)
  3 hobgoblin zombies
  13 kobolds
  A kobold skeleton (D:6)
  4 kobold zombies
  2 orc skeletons
  21 orc zombies
  3 rats
300 creatures vanquished.

Vanquished Creatures (others)
  12 plants
12 creatures vanquished.

Grand Total: 312 creatures vanquished

Notes
Turn   | Place    | Note
-------+----------+-------------------------------------------
     0 | D:1      | BigAl69 the Gargoyle Earth Elementalist began the quest for
                  | the Orb.
     0 | D:1      | Reached XP level 1. HP: 10/10 MP: 3/3
   257 | D:1      | Reached XP level 2. HP: 15/15 MP: 1/5
   666 | D:1      | Found a faded altar of an unknown god.
  1062 | D:2      | Noticed Jessica
  1072 | D:2      | Killed Jessica
  1073 | D:2      | Reached XP level 3. HP: 4/19 MP: 0/7
  1537 | D:2      | Reached skill level 3 in Spellcasting
  1537 | D:2      | Reached XP level 4. HP: 24/24 MP: 3/8
  2225 | D:3      | Noticed Robin
  2246 | D:3      | Killed Robin
  2247 | D:3      | Reached XP level 5. HP: 10/28 MP: 1/10
  2802 | D:3      | Reached skill level 5 in Earth Magic
  3244 | D:4      | Found a staircase to the Ecumenical Temple.
  3248 | D:4      | Noticed a black bear
  3252 | D:4      | Killed a black bear
  3253 | D:4      | Reached skill level 4 in Spellcasting
  3253 | D:4      | Reached XP level 6. HP: 29/33 MP: 6/12
  3261 | Temple   | Entered the Ecumenical Temple
  3307 | Temple   | Became a worshipper of Vehumet
  3572 | D:4      | Noticed Ijyb
  3634 | D:4      | Killed Ijyb
  4280 | D:5      | Entered Level 5 of the Dungeon
  4280 | D:5      | Noticed Eustachio
  4294 | D:4      | Killed Eustachio
  4295 | D:4      | Reached skill level 1 in Fighting
  4295 | D:4      | Reached skill level 5 in Spellcasting
  4391 | D:5      | Reached XP level 7. HP: 31/38 MP: 9/14
  4605 | D:5      | Noticed Menkaure
  4612 | D:5      | Killed Menkaure
  4711 | D:5      | Reached skill level 6 in Spellcasting
  4799 | D:5      | Reached skill level 1 in Armour
  4799 | D:5      | Reached XP level 8. HP: 45/45 MP: 13/17
  5091 | D:5      | Reached * piety under Vehumet
  5091 | D:5      | Offered knowledge of Magic Dart by Vehumet.
  5180 | D:5      | Noticed Grinder
  5186 | D:5      | Killed Grinder
  5187 | D:5      | Reached skill level 7 in Spellcasting
  5245 | D:5      | Found a shimmering blue altar of Sif Muna.
  5631 | D:6      | Found a glowing drain.
  5635 | Sewer    | Entered a sewer
  5669 | Sewer    | Reached XP level 9. HP: 51/51 MP: 15/20
  5856 | D:6      | Found a glowing golden altar of the Shining One.
  5861 | D:6      | Reached skill level 8 in Spellcasting
  6403 | D:7      | Noticed Joseph
  6436 | D:7      | Reached ** piety under Vehumet
  6478 | D:7      | Noticed Duvessa
  6480 | D:7      | Noticed Dowan
  6484 | D:7      | Killed Dowan
  6488 | D:7      | Killed Duvessa
  6573 | D:7      | Offered knowledge of Kiss of Death by Vehumet.
  6593 | D:7      | Found a hazy altar of Hepliaklqana.
  6631 | D:7      | Reached skill level 9 in Spellcasting
  6857 | D:7      | Found a sand-covered staircase.
  6864 | Ossuary  | Entered an ossuary
  6959 | Ossuary  | Offered knowledge of Ignite Poison by Vehumet.
  7106 | Ossuary  | Learned a level 3 spell: Stone Arrow
  7285 | D:7      | Killed Joseph
  7286 | D:7      | Reached skill level 1 in Conjurations
  7286 | D:7      | Reached XP level 10. HP: 58/58 MP: 19/23
  7351 | D:7      | Reached *** piety under Vehumet
  7559 | D:7      | You fall into a shaft and drop 1 floor!
  7576 | D:8      | Found an opulent altar of Gozag.
  7617 | D:8      | Found Nievyum's Antique Armour Shop.
  7686 | D:8      | Found a flagged portal.
  7695 | Bailey   | Entered a bailey
  7699 | Bailey   | Learned a level 2 spell: Passwall
  7734 | Bailey   | Reached skill level 10 in Spellcasting
  7789 | Bailey   | Offered knowledge of Hailstorm by Vehumet.
  7798 | Bailey   | Reached skill level 5 in Fighting
  7942 | Bailey   | Reached **** piety under Vehumet
  7995 | Bailey   | Noticed a gargoyle
  8003 | Bailey   | Killed a gargoyle
  8103 | Bailey   | Offered knowledge of Freezing Cloud by Vehumet.
  8110 | Bailey   | Learned a level 5 spell: Freezing Cloud
  8541 | D:8      | Found a shadowy altar of Dithmenos.
  8544 | D:8      | Found a blossoming altar of Fedhas.
  8767 | D:8      | Noticed a two-headed ogre
  8773 | D:8      | Killed a two-headed ogre
  8774 | D:8      | Reached skill level 10 in Earth Magic
  9240 | D:9      | Reached skill level 11 in Spellcasting
  9358 | D:9      | Identified the ring "Hutiagg" {rN+ Str+2 Dex+3}
  9407 | D:9      | Reached XP level 11. HP: 64/64 MP: 23/26
  9510 | D:9      | Found a broken altar of Ashenzari.
  9512 | D:9      | Found a basalt altar of Yredelemnul.
  9514 | D:9      | Found a sparkling altar of Nemelex Xobeh.
  9736 | D:9      | Found a staircase to the Lair.
 10094 | D:9      | Found Piras's Island Escapes.
 10099 | D:9      | Found an iron altar of Okawaru.
 10479 | D:10     | Entered Level 10 of the Dungeon
 10712 | D:10     | Found an ornate altar of the Wu Jian Council.
 11026 | D:10     | Found a sacrificial altar of Ru.
 11461 | D:10     | Reached skill level 5 in Conjurations
 11472 | D:10     | Reached ***** piety under Vehumet
 11472 | D:10     | Offered knowledge of Olgreb's Toxic Radiance by Vehumet.
 11481 | D:10     | Learned a level 4 spell: Olgreb's Toxic Radiance
 11596 | D:10     | Found Pasuettu's Magic Scroll Emporium.
 11605 | D:10     | Bought a scroll of blinking for 112 gold pieces
 11605 | D:10     | Bought a scroll of enchant armour for 112 gold pieces
 11605 | D:10     | Bought a scroll of fog for 60 gold pieces
 11900 | D:11     | Noticed a two-headed ogre
 11905 | D:11     | Killed a two-headed ogre
 11906 | D:11     | Reached skill level 1 in Poison Magic
 12032 | D:11     | Reached skill level 12 in Spellcasting
 12157 | D:11     | Noticed a two-headed ogre
 12161 | D:11     | Killed a two-headed ogre
 12246 | D:11     | Noticed a two-headed ogre
 12482 | D:11     | Noticed a green ugly thing
 12487 | D:11     | Killed a green ugly thing
 12488 | D:11     | Reached XP level 12. HP: 62/72 MP: 13/28
 12670 | D:11     | Noticed a boulder beetle
 12818 | D:11     | Killed a two-headed ogre
 12819 | D:11     | Reached skill level 5 in Armour
 12972 | D:11     | Noticed an ogre mage
 12983 | D:11     | Killed an ogre mage
 12984 | D:11     | Reached skill level 13 in Spellcasting
 13101 | D:11     | Found a staircase to the Orcish Mines.
 13363 | D:11     | Killed a boulder beetle
 13494 | D:11     | Noticed a rakshasa
 13504 | D:11     | Killed a rakshasa
 13567 | D:10     | Killed from afar by an orc knight

Illustrated notes

Levels and vault maps discovered:
D:1:      heliophobic_arrival_battle_scene, layout_loops_ring,
          dreamdust_ecumenical_altar_angels_and_demons
D:2:      layout_basic, uniq_jessica
D:3:      kennysheep_goblin_castle, layout_loops_ring,
          chequers_serial_rivers_small_b,
          nicolae_concentric_dashed_squares_wild, columned_hall_lemuel,
          kennysheep_generic_room_15
D:4:      layout_basic, minmay_temple_entry_grid, uniq_ijyb
D:5:      layout_loops_ring, led_sif_book, minmay_misc_feat_alley, uniq_grinder,
          uniq_menkaure, uniq_eustachio
D:6:      layout_basic, nicolae_tso_besieged_by_evil, gup_sewer_entry_bowl
D:7:      layout_basic, mainiacjoe_overflow_cross_hatched,
          nicolae_ossuary_entry_catacombs, serial_bayou_lagoon_b, uniq_joseph,
          uniq_duvessa
D:8:      layout_cave_pools, mainiacjoe_overflow_tiny_flanked,
          mainiacjoe_overflow_catwalk_spiral, enter_bailey_3, serial_shops, shop
D:9:      layout_irregular_city, grunt_temple_overflow_open,
          david_lair_shrubbed, nicolae_island_escapes
D:10:     layout_long_grid, nicolae_overflow_hidden_temple,
          mainiacjoe_overflow_six_doors_small, serial_shops,
          nicolae_shop_just_a_little_nook
D:11:     layout_basic, orc_0_dummy, kennysheep_pointless_box,
          minmay_the_grid_square_5x5_3x3_mashed
          [minmay_the_grid_square_5x5_inset,
          minmay_the_grid_square_5x5_three_small,
          minmay_the_grid_square_5x5_forky, minmay_the_grid_square_5x5_three,
          minmay_the_grid_square_5x5_megaprize_checkered,
          minmay_the_grid_square_5x5_beaten_path,
          minmay_the_grid_square_5x5_bite,
          minmay_the_grid_square_5x5_eight_small,
          minmay_the_grid_square_5x5_pentomino_r]
Temple:   hellmonk_temple_rainy

Skill      XL: |  1  2  3  4  5  6  7  8  9 10 11 12 |
---------------+-------------------------------------+-----
Earth Magic    | 4 5 6 7 9 10 | 10.9
Spellcasting   | 3 4 5 6 7 9 11 12 13 | 13.5
Fighting       | 1 2 3 4 6 7 |  7.6
Dodging        | 2 3 |  3.0
Armour         | 1 2 3 4 5 |  5.4
Conjurations   | 1 3 5 |  5.1
Stealth        | 3 |  3.2
Poison Magic   | 1 3 |  3.2
Long Blades    | |  0.5
Transmutations | |  0.7

Action                     |  1- 3 |  4- 6 |  7- 9 | 10-12 || total
---------------------------+-------+-------+-------+-------++-------
  Melee: Demon blade       |     2 |    18 |    20 |       ||    40
         Punch             |       |     1 |       |       ||     1
         Unarmed           |       |     1 |       |       ||     1
         Long sword        |       |       |       |    16 ||    16
   Cast: Sandblast         |    39 |    93 |   182 |   139 ||   453
         Stone Arrow       |       |       |       |   191 ||   191
         Olgreb's Toxic Ra |       |       |       |     1 ||     1
  Evoke: Wand              |       |       |       |     2 ||     2
         Tin of tremorston |       |       |       |     2 ||     2
         Phial of floods   |       |       |       |     1 ||     1
    Use: Scroll            |       |       |     7 |     4 ||    11
 Armour: Robe              |     4 |    22 |       |       ||    26
         Ring mail         |       |    12 |    81 |   100 ||   193
         Skin              |       |     4 |       |       ||     4
  Dodge: Dodged            |     4 |    46 |    81 |    93 ||   224
